 Dungeon Crawl Stone Soup version 0.17-a0-1914-gde4187c (webtiles) character file.

8148 hexophile the Cleaver (level 11, 0/104 HPs)
             Began as a Minotaur Berserker on Sept 26, 2015.
             Was a High Priest of Trog.
             Slain by a troll (8 damage)
             ... on level 10 of the Dungeon.
             The game lasted 00:14:37 (7044 turns).

hexophile the Cleaver (Minotaur Berserker)          Turns: 7044, Time: 00:14:37

Health: 0/104      AC: 15    Str: 23    XL:     11   Next: 6%
Magic:  11/12      EV: 13    Int:  4    God:    Trog [*****.]
Gold:   463        SH:  0    Dex: 12    Spells: 0 memorised, 10 levels left

rFire  . . .     SeeInvis +     t - +2 war axe
rCold  . . .     Clarity  .     L - +0 plate armour
rNeg   . . .     SustAt   .     (no shield)
rPois  .         Gourm    .     (helmet restricted)
rElec  .         Spirit   .     (no cloak)
rCorr  .         Warding  .     a - +2 pair of gloves
rMut   .         Stasis   .     (no boots)
MR     ++...                    O - amulet of regeneration
Stlth  ..........               v - ring of see invisible
                                j - +4 ring of evasion

@: lethally poisoned (0 -> -1), regenerating, slowed, very slow, very resistant
to hostile enchantments, extremely unstealthy
A: retaliatory headbutt, horns 2
a: Burn Spellbooks, Berserk, Trog's Hand, Brothers in Arms, Renounce Religion


You were on level 10 of the Dungeon.
You worshipped Trog.
Trog was extremely pleased with you.
You were not hungry.

You visited 1 branch of the dungeon, and saw 10 of its levels.
You also visited: Sewer.

You collected 463 gold pieces.


Innate Abilities, Weirdness & Mutations

You reflexively headbutt those who attack you in melee.
You have a pair of horns on your head.

Inventory:

Hand weapons
 b - a +0 club of chaos
 t - a +2 war axe (weapon)
 P - a +0 battleaxe
Armour
 a - a +2 pair of gloves (worn)
 L - a +0 plate armour (worn)
Jewellery
 j - a +4 ring of evasion (left hand)
 q - an uncursed ring of ice {rF- rC+}
 v - a ring of see invisible (right hand)
 F - a cursed -3 ring of intelligence {unknown}
 O - an amulet of regeneration (around neck)
 R - an uncursed ring of protection from magic {unknown}
 S - an uncursed ring of magical power {unknown}
 T - an uncursed ring of flight {unknown}
Magical devices
 p - a wand of flame (22)
 r - a wand of lightning (15)
 x - a wand of enslavement (11)
 z - a wand of digging (7)
 I - a wand of draining (1)
 U - a wand of magic darts (26)
Scrolls
 d - 3 scrolls of recharging
 h - 6 scrolls of teleportation
 l - 2 scrolls of fear
 o - a scroll of blinking
 s - a scroll of enchant armour
 y - a scroll of enchant weapon
 H - 2 scrolls of immolation
Potions
 e - a potion of invisibility
 f - a potion of ambrosia
 g - 2 potions of lignification
 k - 2 potions of curing
 m - a potion of haste
 n - 3 potions of flight
 w - 3 potions of brilliance
 A - 2 potions of heal wounds {unknown}
 B - a potion of berserk rage
 C - 3 potions of agility
 D - 2 potions of might
 M - a potion of cancellation {unknown}
 N - a potion of poison {unknown}
Books
 J - a book of Fire

   Spells                             Type                      Level
   a - Ignite Poison                  Fire/Transmutation/Poison    3
   b - Fireball                       Conjuration/Fire             5
   c - Bolt of Fire                   Conjuration/Fire             6
   d - Delayed Fireball               Conjuration/Fire             7
   e - Ring of Flames                 Charms/Fire                  7
   Trog disapproves of the use of such an item.
 Q - a book of Unlife

   Spells                             Type                      Level
   a - Recall                         Summoning/Translocation      3
   b - Animate Dead                   Necromancy                   4
   c - Control Undead                 Necromancy                   4
   d - Cigotuvi's Embrace             Necromancy                   5
   e - Death Channel                  Necromancy                   6
   f - Simulacrum                     Ice/Necromancy               6
   Trog disapproves of the use of such an item.
Comestibles
 c - 8 bread rations
 u - 2 meat rations
 E - a slice of pizza
 K - 2 beef jerkies


You had 10 spell levels left.
You didn't know any spells.


   Skills:
 - Level 12.1 Fighting
 - Level 13.9 Axes
 * Level 5.9 Armour
 * Level 5.7 Dodging
 + Level 2.6 Evocations

Dungeon Overview and Level Annotations

Branches:
Dungeon (10/15)            Temple (0/1) D:4
   Lair: D:8-11         Orc: D:9-12

Altars:
Ru
Xom
The Shining One

Shops:
D:9 (}(

Annotations:
D:10 Maurice, Sonja

Vault maps used:
D:1:      shiori_arrival_oz, st_stairs_8
D:2:      tgw_xom, uniq_sigmund
D:3:      kennysheep_generic_room_13, uniq_robin, uniq_purgy
D:4:      kennysheep_mini_moat, temple_pool_b, first_bread, saegor_snake_ambush
D:5:      portal_sewer_entry_e, nrook_mini_vaults, nicolae_tso_carved_into_rock
D:6:      uniq_duvessa
D:7:      amalloy_card_club, uniq_pikel
D:8:      basic_altar
D:9:      minmay_ornate_pinched, serial_shops, shop, shop, nicolae_shop_crystal,
          uniq_erolcha
D:10:     hiddenorc2_lemuel, the_bakery, uniq_sonja, uniq_maurice
Sewer:    sewer_kobold_necro_badplayer

Vault maps used:
D:1:      shiori_arrival_oz, st_stairs_8
D:2:      tgw_xom, uniq_sigmund
D:3:      kennysheep_generic_room_13, uniq_robin, uniq_purgy
D:4:      kennysheep_mini_moat, temple_pool_b, first_bread, saegor_snake_ambush
D:5:      portal_sewer_entry_e, nrook_mini_vaults, nicolae_tso_carved_into_rock
D:6:      uniq_duvessa
D:7:      amalloy_card_club, uniq_pikel
D:8:      basic_altar
D:9:      minmay_ornate_pinched, serial_shops, shop, shop, nicolae_shop_crystal,
          uniq_erolcha
D:10:     hiddenorc2_lemuel, the_bakery, uniq_sonja, uniq_maurice
Sewer:    sewer_kobold_necro_badplayer
You       could see 2 yaks and a troll.


Message History

You headbutt the troll, but do no damage.
The troll closely misses you. The troll misses you.
You barely miss the yak.
Your plate armour prevents you from hitting the yak.
You hit the yak. You closely miss the troll. You hit the yak.
You feel sick.
The yak gores you but does no damage. x3
Sonja shouts, "Too slow!"
The troll bites you but does no damage. The troll claws you!
The troll barely misses you. The yak gores you but does no damage.
The yak barely misses you. You furiously retaliate!
You headbutt the yak, but do no damage. The yak closely misses you.
The yak misses you. You furiously retaliate!
You headbutt the yak.
You're too exhausted to go berserk.
Read which item? (? for menu, Esc to quit)
As you read the scroll of fear, it crumbles to dust.
You assume a fearsome visage.
Sonja looks frightened!
Maurice looks frightened!
The yak looks frightened!
The yak resists with some effort.
The yak looks frightened! x3
The troll looks frightened!
You feel sick.
Sonja mumbles some strange words.
Sonja looks slightly unstable.
Maurice almost stumbles in trying to escape.
Maurice mumbles some strange words.
Maurice looks slightly unstable.
The yak closely misses you.
Sonja shouts!
Maurice shouts!
You slash the yak!
Sonja mumbles some strange words.
Sonja blinks!
The troll cries, "Mercy!"
The yak completely misses you.
Maurice gestures wildly while chanting.
Maurice blinks!
Sonja mumbles some strange words.
Sonja blinks!
An ice beast comes into view.
You hit the yak.
You feel sick.
Sonja disappears!
Maurice disappears!
The yak gores you but does no damage.
Your plate armour prevents you from hitting the yak.
The yak closely misses you. The yak gores you but does no damage.
You hit the yak. Your headbutt misses the yak.
You feel sick. The yak gores you.
Cornered, the yak turns to fight!
You hit the yak but do no damage. The yak barely misses you.
You furiously retaliate!
You headbutt the yak.
The ice beast hits you but does no damage.
You hit the yak.
You kill the yak!
Trog accepts your kill.
You barely miss the ice beast.
You feel less exhausted. The ice beast barely misses you.
You slash the ice beast! Your headbutt misses the ice beast.
You feel sick.
The yak seems to regain its courage.
The ice beast hits you but does no damage.
You hit the ice beast. You headbutt the ice beast!
The yak is no longer moving slowly.
The ice beast closely misses you.
You hit the yak. Your headbutt misses the yak. You closely miss the ice beast.
The yak looks more healthy.
The yak gores you!
The ice beast hits you but does no damage.
The yak gores you. The ice beast hits you. The ice beast freezes you.
* * * LOW HITPOINT WARNING * * *
You barely miss the yak. You hit the ice beast.
You feel sick. The yak closely misses you.
The ice beast hits you but does no damage.
You hit the yak but do no damage. You hit the ice beast.
The yak gores you but does no damage. The ice beast barely misses you.
You slash the ice beast!
You kill the ice beast!
Trog accepts your kill.
You slash the yak!
You feel the effects of Trog's Hand fading.
The yak gores you.
Your plate armour prevents you from hitting the yak.
Your headbutt misses the yak. You closely miss the troll. The yak gores you!
* * * LOW HITPOINT WARNING * * *
The troll misses you. The troll claws you.
* * * LOW HITPOINT WARNING * * *
The troll claws you but does no damage.
You hit the troll. You barely miss the yak.
You feel sick. The yak gores you but does no damage.
The troll barely misses you. The troll claws you but does no damage.
The troll misses you. The yak gores you.
* * * LOW HITPOINT WARNING * * *
You closely miss the troll. You headbutt the troll!
Your plate armour prevents you from hitting the yak.
You hit the yak. The troll closely misses you. You furiously retaliate!
You headbutt the troll. The troll claws you.
* * * LOW HITPOINT WARNING * * *
The troll claws you but does no damage. The yak gores you but does no damage.
The yak snorts and paws the ground.
The yak gores you.
* * * LOW HITPOINT WARNING * * *
Your skin crawls.
You feel resistant to hostile enchantments.
You feel slightly more hungry. The troll bites you!
* * * LOW HITPOINT WARNING * * *
The troll claws you but does no damage. x2
The yak gores you.
* * * LOW HITPOINT WARNING * * *
The yak closely misses you. The troll bites you!
You die...

Action                   |  1- 3 |  4- 6 |  7- 9 | 10-12 || total
-------------------------+-------+-------+-------+-------++-------
Melee: Hand axe          |    50 |    57 |       |       ||   107
       War axe           |       |    76 |   237 |   207 ||   520
Invok: Berserk           |     3 |     2 |     3 |     2 ||    10
       Trog's Hand       |     1 |     1 |     4 |     3 ||     9
Evoke: Wand              |       |       |     6 |       ||     6
  Use: Scroll            |       |     8 |    13 |     2 ||    23
       Potion            |       |       |     7 |     1 ||     8
  Eat: Chunk             |     2 |     7 |    10 |     8 ||    27
       Pizza             |       |     1 |       |       ||     1
       Bread ration      |       |       |     1 |       ||     1
       Royal jelly       |       |       |       |     2 ||     2

Notes
Turn   | Place    | Note
--------------------------------------------------------------
     0 | D:1      | hexophile the Minotaur Berserker began the quest for the Orb.
     0 | D:1      | Reached XP level 1. HP: 19/19 MP: 0/0
    54 | D:1      | Reached skill level 4 in Axes
   108 | D:1      | Reached XP level 2. HP: 8/26 MP: 1/1
   674 | D:1      | Reached skill level 5 in Axes
   745 | D:1      | Acquired Trog's second power
   805 | D:1      | Reached XP level 3. HP: 31/31 MP: 2/2
   933 | D:2      | Noticed Sigmund
   943 | D:2      | Killed Sigmund
   943 | D:2      | Reached skill level 7 in Axes
   943 | D:2      | Reached XP level 4. HP: 20/39 MP: 3/3
   943 | D:2      | Reached XP level 5. HP: 23/45 MP: 4/4
  1691 | D:2      | Found a shimmering altar of Xom.
  1792 | D:3      | Noticed Purgy
  1796 | D:3      | Killed Purgy
  1796 | D:3      | Reached skill level 8 in Axes
  1796 | D:3      | Reached XP level 6. HP: 51/51 MP: 5/5
  2113 | D:3      | Noticed Robin
  2120 | D:3      | Killed Robin
  2358 | D:4      | Reached skill level 9 in Axes
  2424 | D:4      | Acquired Trog's third power
  2566 | D:4      | Found a staircase to the Ecumenical Temple.
  2830 | D:4      | Found a sacrificial altar of Ru.
  2832 | D:4      | Reached XP level 7. HP: 60/60 MP: 6/6
  2971 | D:4      | Reached skill level 5 in Fighting
  3125 | D:5      | Entered Level 5 of the Dungeon
  3204 | D:5      | Found a glowing golden altar of the Shining One.
  3471 | D:5      | Reached skill level 10 in Axes
  3648 | D:5      | Found a glowing drain.
  3656 | Sewer    | Entered a sewer
  3725 | Sewer    | Reached XP level 8. HP: 52/71 MP: 7/7
  3752 | Sewer    | Got a transparent scale mail
  4176 | D:6      | Identified the +1 scale mail "Tuh Male" {+Inv rF- Int+6 Dex-4} (You found it in a sewer)
  4214 | D:6      | Noticed Dowan
  4216 | D:6      | Noticed Duvessa
  4226 | D:6      | Killed Duvessa
  4226 | D:6      | Reached skill level 11 in Axes
  4236 | D:6      | Killed Dowan
  4728 | D:7      | Reached XP level 9. HP: 81/83 MP: 8/8
  4943 | D:7      | Noticed Pikel
  4956 | D:7      | Killed Pikel
  4956 | D:7      | Reached skill level 12 in Axes
  5177 | D:7      | Noticed Ijustatesigmund's ghost (experienced HOFi)
  5186 | D:7      | Killed Ijustatesigmund's ghost
  5186 | D:7      | Reached skill level 10 in Fighting
  5255 | D:7      | Reached skill level 13 in Axes
  5618 | D:8      | Found a sacrificial altar of Ru.
  5671 | D:8      | Reached XP level 10. HP: 88/96 MP: 9/9
  6124 | D:9      | Received a gift from Trog
  6330 | D:9      | Noticed Erolcha
  6340 | D:9      | Killed Erolcha
  6340 | D:9      | Reached skill level 1 in Evocations
  6378 | D:9      | Reached skill level 5 in Armour
  6437 | D:9      | Reached skill level 5 in Dodging
  6675 | D:9      | Found Gurghediapn's Gadget Shop.
  6685 | D:9      | Found Louli's Antique Weapon Shop.
  6691 | D:9      | Found Taanubypp's Antique Weapon Emporium.
  6915 | D:10     | Entered Level 10 of the Dungeon
  6992 | D:10     | Noticed a hill giant
  7000 | D:10     | Killed a hill giant
  7000 | D:10     | Reached XP level 11. HP: 104/104 MP: 11/11
  7018 | D:10     | Noticed Maurice
  7019 | D:10     | Noticed Sonja
  7042 | D:10     | HP: 18/104 [yak (4)]
  7044 | D:10     | HP: 8/104 [yak (1)]
  7044 | D:10     | Slain by a troll

Table legend:
 A = Turns spent in this place as a percentage of turns spent in the entire game.
 B = Non-inter-level travel turns spent in this place as a percentage of non-inter-level travel turns spent in the entire game.
 C = Inter-level travel turns spent in this place as a percentage of turns spent in this place.
 D = Turns resting spent in this place as a percentage of non-inter-level travel turns spent in this place.
 E = Turns spent auto-exploring this place as a percentage of non-inter-level travel turns spent in this place.
 F = Non-inter-level travel turns spent in this place divided by the number of levels of this place that you've seen.
                   A       B       C       D       E      F
               +-------+-------+-------+-------+-------+----------------------
         Total | 100.0 | 100.0 |   0.5 |   2.2 |  10.8 | 252.8
       Dungeon |  92.8 |  92.8 |   0.5 |   2.1 |  11.6 | 258.0
         Sewer |   7.2 |   7.2 |   0.0 |   3.5 |   0.0 | 201.0
               +-------+-------+-------+-------+-------+----------------------

Table legend:
 A = Kills in this place as a percentage of kills in entire the game.
 B = Kills by you in this place as a percentage of kills by you in the entire game.
 C = Kills by friends in this place as a percentage of kills by friends in the entire game.
 D = Other kills in this place as a percentage of other kills in the entire game.
 E = Experience gained in this place as a percentage of experience gained in the entire game.
 F = Experience gained in this place divided by the number of levels of this place that you have seen.
                   A       B       C       D       E      F
               +-------+-------+-------+-------+-------+----------------------
         Total | 100.0 | 100.0 |  -nan |  -nan | 100.0 | 1058.3
       Dungeon |  95.6 |  95.6 |  -nan |  -nan |  97.0 | 1128.9
         Sewer |   4.4 |   4.4 |  -nan |  -nan |   3.0 | 352.0
               +-------+-------+-------+-------+-------+----------------------

Vanquished Creatures
  Erolcha (D:9)
  The ghost of Ijustatesigmund the Cleaver, an experienced HOFi of Jiyva (D:7)
  Pikel (D:7)
  A hill giant (D:10)
  A two-headed ogre (D:9)
  Sigmund (D:2)
  5 yaks
  A hungry ghost (D:9)
  A hippogriff (D:8)
  A mottled dragon (D:9)
  Duvessa (D:6)
  3 sky beasts
  A water moccasin (D:7)
  Purgy (D:3)
  3 orc warriors
  2 ice beasts
  A phantom (D:7)
  A black bear (D:8)
  2 slaves (D:7)
  3 ogres
  7 big kobolds
  7 centaurs
  5 giant frogs
  Dowan (D:6)
  2 gnoll sergeants (D:9)
  2 scorpions
  A wight (D:9)
  4 crimson imps
  2 centaur zombies (D:5)
  4 orc priests
  A centaur skeleton (D:6)
  2 jellies
  A giant frog zombie (D:5)
  6 orc wizards
  A giant frog skeleton (D:5)
  7 hounds
  An iguana (D:8)
  5 worker ants
  2 killer bee zombies (D:9)
  2 hound skeletons
  Robin (D:3)
  A worker ant zombie (D:7)
  7 adders
  7 gnolls
  2 river rats (D:5)
  A shadow imp (D:6)
  An ooze (D:4)
  2 adder skeletons
  6 worms
  2 giant geckos
  32 orcs
  10 giant cockroaches
  9 hobgoblins
  11 kobolds
  4 ball pythons
  8 bats
  A giant cockroach zombie (D:5)
  21 goblins
  8 jackals
  8 quokkas
  15 rats
252 creatures vanquished.

Vanquished Creatures (others)
  An orc (D:7)
1 creature vanquished.

Grand Total: 253 creatures vanquished
